 Seeded DCSS version 0.30.0-18-gc0e69614cb (webtiles) character file.

Game seed: 1882581695637917331 (custom seed)

60 drewk1942 the Conjurer (level 3, -4/26 HPs)
             Began as a Draconian Conjurer on May 23, 2023.
             Slain by Terence
             ... wielding a +0 hand axe
              (8 damage)
             ... on level 3 of the Dungeon.
             The game lasted 00:03:14 (2440 turns).

drewk1942 the Conjurer (Draconian Conjurer)         Turns: 2440, Time: 00:03:14

Health: -4/26      AC:  6    Str:  9    XL:     3   Next: 80%
Magic:  2/7        EV: 12    Int: 20    God:
Gold:   100        SH:  0    Dex:  9    Spells: 5/8 levels left

rFire   . . .        k - +0 dagger (speed)
rCold   . . .        (no shield)
rNeg    . . .        (body armour unavailable)
rPois   .            (helmet restricted)
rElec   .            (no cloak)
rCorr   .            (no gloves)
SInv    .            p - +0 pair of boots
Will    .....        s - amulet of magic regeneration
Stlth   ++           (no ring)
HPRegen 0.24/turn    (no ring)
MPRegen 0.50/turn

%: no passive effects
@: no status effects
A: AC +5, unfitting armour, cold-blooded
a: no special abilities


You were on level 3 of the Dungeon.
You visited 1 branch of the dungeon, and saw 3 of its levels.

You collected 100 gold pieces.

Inventory:

Hand Weapons
 e - a +0 short sword
 g - a +0 dagger of freezing
 k - a +0 dagger of speed (weapon)
 o - a +2 short sword of holy wrath
Armour
 p - a +0 pair of boots (worn)
 t - a +0 kite shield
 u - a +1 pair of gloves
Jewellery
 s - an amulet of magic regeneration (around neck)
Scrolls
 c - 5 scrolls of identify {unknown}
 d - 3 scrolls of amnesia {unknown}
 f - a scroll of poison {unknown}
 h - a scroll of silence {unknown}
 j - a scroll of magic mapping {unknown}
 l - 2 scrolls of blinking {unknown}
 m - 2 scrolls of enchant weapon {unknown}
Potions
 a - a potion of magic
 b - a potion of ambrosia {unknown}
 i - a potion of curing {unknown}
 n - a potion of invisibility {unknown}
 q - a potion of cancellation {unknown}
 r - a potion of degeneration {unknown}


   Skills:
 + Level 2.4 Dodging
 - Level 1.7 Stealth
 * Level 3.1 Spellcasting
 + Level 4.3 Conjurations


You had 5 spell levels left.
You knew the following spells:

 Your Spells              Type           Power      Damage    Failure   Level
a - Magic Dart            Conj           80%        1d7       2%          1
b - Searing Ray           Conj           40%        2d5       3%          2

Your spell library contained the following spells:

 Spells                   Type           Power      Damage    Failure   Level
 Dazzling Flash           Conj/Hex       22%        N/A       17%         3
 Tukima's Dance           Hex            3%         N/A       38%         3
 Fulminant Prism          Conj/Hex       5%         3d7       50%         4
 Iskenderun's Mystic Bla  Conj/Tloc      11%        2d4       50%         4
 Passage of Golubria      Tloc           3%         N/A       80%         4
 Yara's Violent Unravell  Hex/Tmut       1%         3d3       98%         5


Dungeon Overview and Level Annotations

Branches:
Dungeon (3/15)

Altars:

Annotations:
D:3 Terence


Innate Abilities, Weirdness & Mutations

Your plain brown scales are hard. (AC +5)
You cannot fit into any form of body armour.
You are cold-blooded and may be slowed by cold attacks.


Message History

Press: ? - help, Shift-Dir - straight line, f/p - Terence
Aim: Terence, wielding a +0 hand axe and wearing a +2 scale mail of willpower (almost dead, 100% to hit)
The magic dart hits Terence but does no damage.
Terence is almost dead.
Terence hits you with a +0 hand axe.
Casting: Magic Dart (safe; 2% risk of failure)
Confirm with . or Enter, or press ? or * to list all spells.
Aiming: Magic Dart (safe; 2% risk of failure)
Press: ? - help, Shift-Dir - straight line, f/p - Terence
Aim: Terence, wielding a +0 hand axe and wearing a +2 scale mail of willpower (almost dead, 100% to hit)
The magic dart hits Terence but does no damage.
Terence is almost dead.
Terence hits you with a +0 hand axe.
* * * LOW HITPOINT WARNING * * *
Casting: Magic Dart (safe; 2% risk of failure)
Confirm with . or Enter, or press ? or * to list all spells.
Aiming: Magic Dart (safe; 2% risk of failure)
Press: ? - help, Shift-Dir - straight line, f/p - Terence
Aim: Terence, wielding a +0 hand axe and wearing a +2 scale mail of willpower (almost dead, 100% to hit)
The magic dart hits Terence but does no damage.
Terence is almost dead.
Terence completely misses you.
Casting: Magic Dart (safe; 2% risk of failure)
Confirm with . or Enter, or press ? or * to list all spells.
Aiming: Magic Dart (safe; 2% risk of failure)
Press: ? - help, Shift-Dir - straight line, f/p - Terence
Aim: Terence, wielding a +0 hand axe and wearing a +2 scale mail of willpower (almost dead, 100% to hit)
The magic dart hits Terence but does no damage.
Terence is almost dead.
Terence hits you with a +0 hand axe.
* * * LOW HITPOINT WARNING * * *
You hit Terence but do no damage.
Terence is almost dead.
You closely miss Terence.
Terence is almost dead.
Terence barely misses you.
You hit Terence but do no damage.
Terence is almost dead.
Terence hits you with a +0 hand axe!
You die...

#. ##.## ####. #.
####?..!.. ....
#..##......... ....
#.....##...... ##...
#.###.# ..@.. ....
#.....# .... #...
#..##.##...... #...
#..@@.........###.<.
##.##.##.....#...)..
#.##.##.##.#.......
#.##.##. #..#####.#
#.##.##.##..# #.#
#.##..>.....#####.#
#.#####.........†.#
#.# ###...#######
#.# #..##


You could see Terence.

Vanquished Creatures
  2 adders (D:2)
  2 dart slugs
  3 bats
  5 endoplasms
  3 goblins
  5 hobgoblins
  A jackal (D:3)
  4 kobolds
  2 quokkas
  A ball python (D:2)
  2 frilled lizards (D:2)
  5 rats
35 creatures vanquished.

Notes
Turn   | Place    | Note
-------+----------+-------------------------------------------
     0 | D:1      | drewk1942 the Draconian Conjurer began the quest for the
                  | Orb.
     0 | D:1      | Reached XP level 1. HP: 14/14 MP: 3/3
   324 | D:1      | You fall into a shaft and drop 1 floor!
   414 | D:1      | Reached XP level 2. HP: 20/20 MP: 0/5
   522 | D:1      | Learned a level 2 spell: Searing Ray
  1326 | D:2      | Reached XP level 3. HP: 26/26 MP: 4/7
  2409 | D:3      | Noticed Terence
  2440 | D:3      | Slain by Terence

Illustrated notes

Levels and vault maps discovered:
D:1:      dpeg_arrival_erosion, layout_basic
D:2:      layout_basic, minmay_tripent
D:3:      layout_loops_ring, nicolae_wu_jian_wuxing_cycle, serial_bayou_pond_d,
          uniq_ijyb, uniq_terence

Skill      XL: |  1  2  3 |
---------------+----------+-----
Dodging        | 2 |  2.4
Spellcasting   | 3 |  3.1
Stealth        | |  1.7
Conjurations   | |  4.3

Action                     || total
---------------------------++-------
  Melee: Short sword       ||    11
         Dagger            ||    26
         Tailslap          ||     5
         Punch             ||     1
   Cast: Magic Dart        ||    72
         Searing Ray       ||     2
 Armour: Skin              ||    11
  Dodge: Dodged            ||    25
